 Dungeon Crawl Stone Soup version 0.26-a0-812-g31a745ddcd (webtiles) character file.

Game seed: 15299316264243663282

1557 Mesmaeker13 the Summoner (level 8, -3/41 HPs)
             Began as a Tengu Summoner on Nov 24, 2020.
             Was an Initiate of Ru.
             Slain by Harold
             ... wielding a +0 halberd
              (13 damage)
             ... on level 8 of the Dungeon.
             The game lasted 00:21:47 (9785 turns).

Mesmaeker13 the Summoner (Tengu Summoner)           Turns: 9785, Time: 00:21:48

Health: -3/41      AC:  5    Str: 10    XL:     8   Next: 88%
Magic:  1/15       EV: 18    Int: 17    God:    Ru [......]
Gold:   452        SH:  0    Dex: 14    Spells: 6/15 levels left

rFire    . . .     SeeInvis .   w - +4 spear
rCold    . . .     Faith    .   (no shield)
rNeg     . . .     Spirit   .   a - +0 robe
rPois    .         Reflect  .   (helmet restricted)
rElec    .         Harm     .   (no cloak)
rCorr    .         Rampage  .   (no gloves)
MR       .....     Clarity  +   (boots unavailable)
Stlth    ++........             d - amulet of magic regeneration
HPRegen  0.13/turn              (no ring)
MPRegen  0.39/turn              (no ring)

@: marked, very slightly contaminated
A: beak, talons 3, repulsion field 1, slimy green scales 1, clarity, shaggy fur
1, able to fly
a: Fly, Sacrifice Purity, Sacrifice Words, Sacrifice Essence, Reject Sacrifices,
Renounce Religion


You were on level 8 of the Dungeon.
You worshipped Ru.
Ru was noncommittal.
You visited 2 branches of the dungeon, and saw 9 of its levels.

You collected 452 gold pieces.

Inventory:

Hand Weapons
 p - a +0 trident
 w - a +4 spear (weapon)
Missiles
 j - a throwing net (quivered)
Armour
 a - a +0 robe (worn)
 n - a +0 leather armour
Jewellery
 d - an amulet of magic regeneration (around neck)
 t - an uncursed ring of fire
Wands
 s - a wand of enslavement (6)
 v - a wand of disintegration (7)
 x - a wand of digging (2)
Scrolls
 b - 2 scrolls of teleportation
 c - 2 scrolls of magic mapping
 f - 4 scrolls of enchant weapon
 g - 2 scrolls of amnesia
 h - 2 scrolls of immolation
 l - a scroll of blinking {unknown}
 m - 4 scrolls of fog
 q - a scroll of enchant armour {unknown}
 r - 4 scrolls of remove curse
Potions
 i - a potion of invisibility {unknown}
 k - a potion of haste
 o - 3 potions of curing
 u - a potion of flight {unknown}
 z - 2 potions of degeneration {unknown}
 A - a potion of berserk rage {unknown}


   Skills:
 + Level 4.9 Polearms
 + Level 6.4 Dodging
 - Level 2.0 Stealth
 - Level 4.0 Spellcasting
 + Level 8.2 Summonings
 + Level 3.5 Ice Magic


You had 6 spell levels left.
You knew the following spells:

 Your Spells              Type           Power        Failure   Level
a - Summon Ice Beast      Ice/Summ       ###.....     14%         4
b - Call Imp              Summ           ####....     1%          2
c - Call Canine Familiar  Summ           ####....     1%          3

Your spell library contained the following spells:

 Spells                   Type           Power        Failure   Level
 Summon Small Mammal      Summ           ####         1%          1
 Summon Guardian Golem    Hex/Summ       ###.....     9%          3
 Summon Lightning Spire   Summ/Air       ###.....     28%         4


Dungeon Overview and Level Annotations

Branches:
Dungeon (8/15)             Temple (1/1) D:5
   Lair: D:8-11

Altars:
Ashenzari
Dithmenos
Elyvilon
Fedhas
Hepliaklqana
Kikubaaqudgha
Makhleb
Nemelex Xobeh
Okawaru
Qazlal
Ru
Sif Muna
Trog
Uskayaw
Vehumet
Wu Jian
Xom
Yredelemnul
Zin
The Shining One

Shops:
D:4 !

Annotations:
D:4 1 runed translucent door, Blackmass's ghost, amateur OpFE
D:8 Harold


Innate Abilities, Weirdness & Mutations

You have a beak for a mouth.
You have claws for feet.
You can fly continuously.
You are surrounded by a mild repulsion field. (EV +2)
You are partially covered in slimy green scales. (AC +2)
You possess an exceptional clarity of mind.
You are covered in fur. (AC +1)


Message History

You are very lightly contaminated with residual magic.
You are covered in a thin layer of ice!
Harold fires a harpoon shot at you. The harpoon shot hits you!
* * * LOW HITPOINT WARNING * * *
You are yanked forward by the harpoon shot.
You feel better. Harold barely misses you.
Evoke which item? (* to show all) (? for menu, Esc to quit)
Aiming: Disintegrate
Press: ? - help, Shift-Dir - straight line, f/p - Harold
Aim: Harold, wielding a +0 halberd and wearing a +0 scale mail (almost dead, chance to defeat MR: 30%)
Okay, then.
Unknown command.
Unknown command.
Casting: Summon Ice Beast (quite dangerous; 14% risk of failure)
Confirm with . or Enter, or press ? or * to list all spells.
The spell is quite dangerous to cast (14% risk of failure)!
Continue anyway?
You miscast Summon Ice Beast.
Nothing appears to happen.
Harold hits you with a +0 halberd!
You die...

# #.# ##...(## #.#.#.
##.†().##
......#####...)...##
........##.........##
#.....#.#'....(....+.
#....._...........##
# #.#.##.###.......##
#.##.###..# ##.....##
#.....@..## ##...##
###..@#### ##+##
#.#.### #.. #.(.# #.
###@# #.. #...#
#§#Y#.# #.@.#.#
#####.#


You could see Harold.

Vanquished Creatures
  A black bear (D:6)
  2 bullfrogs
  2 wights
  4 howler monkeys
  2 jellies (D:5)
  An orc wizard (D:6)
  2 hounds
  An iguana (D:7)
  A killer bee zombie (D:8)
  2 adders (D:2)
  A shadow imp (D:5)
  A worm (D:2)
  A dart slug (D:4)
  4 leopard geckos
  7 orcs
  4 ball pythons
  8 bats
  A giant cockroach (D:3)
  3 hobgoblins
  3 jackals (D:5)
  8 kobolds
  3 quokkas
  2 frilled lizards
  3 goblins
  8 rats
75 creatures vanquished.

Vanquished Creatures (collateral kills)
  Sigmund (D:6)
  A water moccasin (D:8)
  An orc warrior (D:6)
  An ice beast (D:5)
  3 ogres
  A centaur (D:5)
  2 big kobolds (D:8)
  3 scorpions
  2 killer bees
  A wight (D:6)
  A centaur zombie (D:7)
  A quasit (D:6)
  A centaur skeleton (D:5)
  2 orc priests
  A bullfrog skeleton (D:7)
  2 orc wizards
  A worker ant (D:5)
  7 gnolls
  11 adders
  A shadow imp (D:5)
  A white imp (D:5)
  2 ufetubi
  An adder skeleton (D:4)
  A dart slug (D:2)
  3 leopard geckos
  9 orcs
  2 ball pythons (D:2)
  3 bats (D:1)
  3 giant cockroaches
  5 goblins
  3 hobgoblins
  A quokka (D:3)
  2 frilled lizards
  12 kobolds
  4 rats
96 creatures vanquished.

Vanquished Creatures (others)
  An ogre (D:5)
  13 plants (D:5)
14 creatures vanquished.

Grand Total: 185 creatures vanquished

Notes
Turn   | Place    | Note
-------+----------+-------------------------------------------
     0 | D:1      | Mesmaeker13 the Tengu Summoner began the quest for the Orb.
     0 | D:1      | Reached XP level 1. HP: 10/10 MP: 4/4
    80 | D:1      | Reached skill level 5 in Summonings
    85 | D:1      | Reached XP level 2. HP: 15/15 MP: 4/6
   734 | D:2      | Reached XP level 3. HP: 19/19 MP: 4/7
   748 | D:2      | Learned a level 2 spell: Call Imp
  1703 | D:2      | Gained mutation: You possess an exceptional clarity of
                  | mind. [potion of mutation]
  1703 | D:2      | Gained mutation: You are partially covered in slimy green
                  | scales. (AC +2) [potion of mutation]
  1703 | D:2      | Gained mutation: You are covered in fur. (AC +1) [potion of
                  | mutation]
  1703 | D:2      | Gained mutation: You are surrounded by a mild repulsion
                  | field. (EV +2) [potion of mutation]
  1869 | D:2      | Reached XP level 4. HP: 24/24 MP: 7/9
  2469 | D:3      | Learned a level 3 spell: Call Canine Familiar
  3124 | D:3      | Gained mutation: You can fly continuously. [Tengu growth]
  3124 | D:3      | Reached XP level 5. HP: 28/28 MP: 5/10
  3518 | D:4      | Noticed an ogre
  3526 | D:4      | Killed an ogre
  3526 | D:4      | Reached skill level 6 in Summonings
  3739 | D:4      | Reached skill level 1 in Polearms
  3771 | D:4      | Found Hauff's Distillery.
  3866 | D:4      | Found a runed translucent door.
  3868 | D:4      | Noticed Blackmass's ghost (amateur OpFE)
  4080 | D:5      | Entered Level 5 of the Dungeon
  4126 | D:5      | Noticed a centaur
  4159 | D:5      | Reached XP level 6. HP: 19/32 MP: 1/12
  4716 | D:5      | Learned a level 4 spell: Summon Ice Beast
  4976 | D:5      | Noticed an ice beast
  5122 | D:5      | Killed an ice beast
  5359 | D:5      | Reached XP level 7. HP: 34/36 MP: 11/13
  5404 | D:5      | Found a staircase to the Ecumenical Temple.
  5413 | Temple   | Entered the Ecumenical Temple
  5471 | Temple   | Became a worshipper of Ru the Awakened
  5849 | D:5      | Reached skill level 1 in Ice Magic
  6920 | D:6      | Noticed Sigmund
  7254 | D:6      | Reached skill level 5 in Dodging
  7383 | D:6      | Reached skill level 7 in Summonings
  7507 | D:6      | Reached XP level 8. HP: 37/41 MP: 12/15
  7564 | D:6      | Killed Sigmund
  7974 | D:6      | Found a glowing silver altar of Zin.
  9193 | D:7      | Reached skill level 8 in Summonings
  9669 | D:8      | Found a shimmering altar of Xom.
  9743 | D:8      | Noticed Harold
  9785 | D:8      | Slain by Harold

Illustrated notes

Levels and vault maps discovered:
D:1:      dpeg_arrival_tiny_j, layout_rooms
D:2:      layout_loops_cross
D:3:      layout_basic, chequers_jeans
D:4:      layout_layer_cave, serial_shops, shop, ebering_ghost_reflecting_pool,
          wad_floor_pattern_untrapped, kennysheep_big_empty_room,
          minmay_crystal_room
D:5:      kennysheep_spiral_hall, layout_basic, lemuel_temple_firewalk_b,
          serial_bayou_lake_a
D:6:      layout_cave_pools, zin_statuary, serial_park_tiny_1, uniq_sigmund
D:7:      layout_cave_pools
D:8:      layout_loops_corners, slow_altar_2, lemuel_crystal_altar,
          serial_shops, shop, serial_park_tiny_1, uniq_psyche, uniq_harold
Temple:   compressed_dpeg_circular_temple

Skill      XL: |  1  2  3  4  5  6  7  8 |
---------------+-------------------------+-----
Summonings     | 5 6 7 8 |  8.2
Dodging        | 3 4 5 6 |  6.4
Spellcasting   | 3 4 |  4.0
Polearms       | 1 2 3 4 |  4.9
Ice Magic      | 2 3 |  3.5
Stealth        | |  2.0

Action                   |  1- 3 |  4- 6 |  7- 9 || total
-------------------------+-------+-------+-------++-------
Melee: Unarmed           |     7 |       |       ||     7
       Kick              |     9 |    14 |    11 ||    34
       Short sword       |    47 |    43 |       ||    90
       Peck              |     8 |    13 |    13 ||    34
       Spear             |       |    78 |   132 ||   210
Throw: Throwing net      |       |     1 |       ||     1
 Cast: Summon Small Mamm |    56 |     7 |       ||    63
       Call Canine Famil |       |    28 |    34 ||    62
       Call Imp          |       |    32 |    21 ||    53
       Summon Ice Beast  |       |     1 |    15 ||    16
Evoke: Wand              |       |       |     1 ||     1
  Use: Potion            |     4 |       |     4 ||     8
       Scroll            |       |     8 |     1 ||     9
 Stab: Distracted        |     1 |     1 |     2 ||     4
       Sleeping          |     1 |     5 |       ||     6
Armor: Robe              |    14 |    22 |    17 ||    53
Dodge: Dodged            |    55 |    94 |   127 ||   276

Table legend: (Time is in decaauts)
 A = Elapsed time spent in this place.
 B = Non-inter-level travel time spent in this place.
 C = Inter-level travel time spent in this place.
 D = Time resting spent in this place.
 E = Time spent auto-exploring this place.
 F = Levels seen in this place.
 G = Mean time per level.
                   A        B        C        D        E       F      G
               +--------+--------+--------+--------+--------+-----+--------+
         Total |   9811 |   9293 |    518 |   3319 |   3863 |   9 | 1090.1 |
       Dungeon |   9726 |   9233 |    493 |   3319 |   3809 |   8 | 1215.8 |
        Temple |     84 |     59 |     25 |      0 |     54 |   1 |   84.0 |
               +--------+--------+--------+--------+--------+-----+--------+

Top non-repeatable levels by time:
     D:5: 2760 daAuts
     D:2: 1570 daAuts
     D:6: 1492 daAuts
     D:3: 1213 daAuts
     D:4: 872 daAuts
     D:7: 746 daAuts
     D:1: 711 daAuts
     D:8: 359 daAuts
  Temple: 84 daAuts
